 Dungeon Crawl Stone Soup version 0.22.1-2-g9c5b331383 (webtiles) character file.

307 Marnok the Charlatan (level 6, 0/52 HPs)
             Began as a Deep Dwarf Artificer on Dec 2, 2018.
             Slain by an ogre
             ... wielding a +0 giant club
              (31 damage)
             ... on level 4 of the Dungeon.
             The game lasted 00:13:49 (1740 turns).

Marnok the Charlatan (Deep Dwarf Artificer)         Turns: 1740, Time: 00:13:49

Health: 0/52       AC:  4    Str: 17      XL:     6   Next: 16%
Magic:  7/7        EV: 10    Int: 10 (11) God:
Gold:   153        SH:  0    Dex: 14      Spells: 5/5 levels left

rFire    . . .     SeeInvis .   j - +4 dagger (venom)
rCold    . . .     Gourm    .   (no shield)
rNeg     . . .     Faith    .   b - +1 leather armour
rPois    .         Spirit   .   (no helmet)
rElec    .         Reflect  .   (no cloak)
rCorr    .         Harm     .   (no gloves)
MR       .....                  (no boots)
Stlth    ++........             (no amulet)
HPRegen  0.00/turn              (no ring)
MPRegen  0.10/turn              (no ring)

@: non-regenerating, constricted
A: damage resistance, heal wounds, sense surroundings 1, no regeneration
a: Heal Wounds


You were on level 4 of the Dungeon.
You were not hungry.

You visited 1 branch of the dungeon, and saw 4 of its levels.

You collected 153 gold pieces.

Inventory:

Hand Weapons
 g - a +4 dagger of venom
 j - a +4 dagger of venom (weapon)
Armour
 b - a +1 leather armour (worn)
 h - a +0 chain mail
Wands
 c - a wand of flame (15)
 d - a wand of enslavement (15)
 e - a wand of random effects (15)
Scrolls
 a - a scroll of identify
 m - a scroll of remove curse
Comestibles
 f - 2 rations


   Skills:
 + Level 2.0 Fighting
 + Level 2.0 Short Blades
 + Level 3.6 Armour
 + Level 3.5 Dodging
 + Level 2.7 Stealth
 + Level 5.1 Evocations


You had 5 spell levels left.
You didn't know any spells.
Your spell library was empty.

Dungeon Overview and Level Annotations

Branches:
Dungeon (4/15)
 Temple: D:4-7

Altars:
Yredelemnul

Portals:
Sewer: D:4


Innate Abilities, Weirdness & Mutations

You are resistant to damage.
You can heal yourself by infusing magical energy.
You passively map a small area around you.
You do not regenerate.


Message History

You stop descending the stairs.
The ball python constricts you.
Unknown command.
You hit the ogre.
The ogre is poisoned.
The ogre is lightly wounded.
The river rat closely misses you.
The rat splashes around in the water.
The ball python completely misses you. The ball python constricts you.
You fail to use your ability.
The ogre hits you with a giant club!
* * * LOW HITPOINT WARNING * * *
The river rat barely misses you. The ball python closely misses you.
The ball python constricts you.
The rat splashes around in the water.
Your magical essence is drained by the effort!
You feel much better. The river rat bites you.
The ball python bites you but does no damage.
The ball python constricts you. The ogre hits you with a giant club!!
The rat barely misses you.
You feel much better. The ball python closely misses you.
The ball python constricts you. The river rat bites you!
The rat splashes around in the water.
The ogre hits you with a giant club!!
Ouch! That really hurt!
You die...

, * *, #.* * #.# , ,
###..####### , ,
#.##..........### *
#.#..............
######.# #....≈≈≈....# *
##.....# #...≈≈r≈≈...# *
#.....# #...≈≈@≈≈...# *
......# ,#.#..≈OSr≈..## ,
#.....# *#...≈≈≈...# ,*
##....# #.........#
##.#.###.##.........# *,
,
###.......######.#.#####
,
#.....#####............#*
,
#.#..######.####.#####.#*
#.#..........# #.#


You could see an ogre, a river rat, a ball python and a rat.

Vanquished Creatures
  Grinder (D:3)
  Jessica (D:2)
  2 adders (D:2)
  2 oozes
  2 worms
  3 dart slugs
  2 leopard geckos
  2 giant cockroaches
  7 goblins
  A hobgoblin (D:2)
  6 jackals (D:2)
  2 ball pythons
  5 bats
  5 frilled lizards (D:1)
  5 kobolds
  3 rats (D:1)
49 creatures vanquished.

Notes
Turn   | Place    | Note
-------+----------+-------------------------------------------
     0 | D:1      | Marnok the Deep Dwarf Artificer began the quest for the
                  | Orb.
     0 | D:1      | Reached XP level 1. HP: 16/16 MP: 3/3
   163 | D:1      | Reached XP level 2. HP: 21/24 MP: 5/5
   244 | D:1      | Reached skill level 5 in Evocations
   375 | D:1      | Reached XP level 3. HP: 17/30 MP: 6/6
   390 | D:1      | Reached skill level 1 in Short Blades
   871 | D:2      | Reached skill level 1 in Armour
   901 | D:2      | Reached skill level 1 in Fighting
  1278 | D:2      | Reached XP level 4. HP: 20/38 MP: 7/7
  1405 | D:2      | Noticed Jessica
  1413 | D:2      | Killed Jessica
  1500 | D:3      | Found a basalt altar of Yredelemnul.
  1506 | D:3      | Noticed Grinder
  1539 | D:3      | Killed Grinder
  1539 | D:3      | Reached XP level 5. HP: 14/45 MP: 7/7
  1539 | D:3      | Reached XP level 6. HP: 16/52 MP: 8/8
  1725 | D:4      | Found a glowing drain.
  1740 | D:4      | Slain by an ogre

Skill      XL: |  1  2  3  4  5  6 |
---------------+-------------------+-----
Evocations     | 5 |  5.1
Short Blades   | 1 2 |  2.0
Armour         | 1 3 |  3.6
Fighting       | 1 2 |  2.0
Dodging        | 3 |  3.5
Stealth        | 2 |  2.7

Action                   |  1- 3 |  4- 6 || total
-------------------------+-------+-------++-------
Melee: Short sword       |    40 |       ||    40
       Dagger            |    93 |    32 ||   125
 Abil: Heal Wounds       |     1 |     5 ||     6
  Use: Potion            |     4 |     1 ||     5
       Scroll            |     2 |     6 ||     8
 Stab: Sleeping          |     3 |       ||     3
  Eat: Chunk             |     1 |     2 ||     3
Armor: Leather armour    |    34 |     5 ||    39
Dodge: Dodged            |    89 |    28 ||   117
